 Dungeon Crawl Stone Soup version 0.32-a0-666-ge8a88695a4 (webtiles) character file.

Game seed: 7429078801598718710

618920 jasper the Conqueror (level 26, 0/266 HPs)
             Began as a Mountain Dwarf Berserker on Mar 8, 2024.
             Was the Champion of the Shining One.
             Slain by a deep troll (2 damage)
             ... created by the rage of Trog
             ... on level 3 of the Abyss on Mar 9, 2024.
             The game lasted 02:07:27 (85538 turns).

jasper the Conqueror (Mountain Dwarf Berserker)    Turns: 85538, Time: 02:07:28

Health: 0/266      AC: 52    Str: 26 (30) XL:     26   Next: 98%
Magic:  1/37       EV: 12    Int: 26      God:    the Shining One [******]
Gold:   3971       SH:  0    Dex:  9      Spells: 25/25 levels left

rFire   + + .        A - +8 executioner's axe (holy)
rCold   + . .        (shield currently unavailable)
rNeg    + + +        Q - +10 gold dragon scales
rPois   +            i - +2 helmet {Int+3}
rElec   +            o - +3 cloak of Futuristic Knowledge {Will+ Int+7}
rCorr   +            h - +3 Mad Mage's Maulers {Infuse+∞ VampMP -Cast}
SInv    .            q - +0 pair of boots "Omoirutyp" {rN+ Slay+3 Stlth+}
Will    +++..        C - amulet of regeneration Stlth
                     K - ring of Namod {rElec Int+6}
HPRegen 1.44/turn    p - ring of Daheowamym {+Blink rF+ rCorr}
MPRegen 0.25/turn

%: no spellcasting, infuse magic (1 MP)
@: about to teleport, glowing, studying 2 skills
A: runic magic, artefact enchanting, no potion heal 1
}: 3/15 runes: decaying, silver, gossamer
a: Renounce Religion, Evoke Blink, Divine Shield, Cleansing Flame, Summon Divine
Warrior


You were on level 3 of the Abyss.
You worshipped the Shining One.
The Shining One was exalted by your worship.
You visited 12 branches of the dungeon, and saw 52 of its levels.
You visited the Abyss 2 times.
You also visited: Bailey and Ice Cave.

You collected 8203 gold pieces.
You spent 4232 gold pieces at shops.

Inventory:

Hand Weapons
 e - a +9 antimagic executioner's axe
 A - a +8 executioner's axe of holy wrath (weapon)
Missiles
 u - 523 stones (quivered)
 T - 14 curare-tipped darts
Armour
 h - the +3 Mad Mage's Maulers (worn) {Infuse+∞ VampMP -Cast}
   (You found it on level 4 of the Spider Nest)

   Infuse+∞: It empowers its wearer's blows with all of their magic.
   VampMP:    Blows struck in melee replenish the wearer's magic.
   -Cast:     It prevents spellcasting.
 i - a +2 helmet of intelligence (worn)
 o - the +3 cloak of Futuristic Knowledge (worn) {Will+ Int+7}
   (You found it on level 3 of the Elven Halls)

   Int+7:     It affects your intelligence (+7).
   Will+:     It increases your willpower.
 q - the +0 pair of boots "Omoirutyp" (worn) {rN+ Slay+3 Stlth+}
   (You found it on level 2 of the Realm of Zot)

   Slay+3:    It affects your accuracy & damage with ranged weapons and melee
   (+3).
   rN+:       It protects you from negative energy.
   Stlth+:    It makes you more stealthy.
 Q - +10 gold dragon scales (worn)
Jewellery
 l - a ring of willpower
 p - the ring of Daheowamym (right hand) {+Blink rF+ rCorr}
   (You took it off a necromancer on level 5 of the Vaults)

   [ring of protection from fire]

   rF+:       It protects you from fire.
   +Blink:    It lets you blink.
   rCorr:     It protects you from acid and corrosion.
 v - the ring of Fapte {rC+++ EV+5 Str-3 Stlth+}
   (You took it off a deep elf sorcerer on level 3 of the Elven Halls)

   [ring of evasion]

   EV+5:      It affects your evasion (+5).
   Str-3:     It affects your strength (-3).
   rC+++:     It renders you almost immune to cold.
   Stlth+:    It makes you more stealthy.
 C - an amulet of regeneration (around neck)
 H - the ring "Hozijus" {rF+ rC++ rN+ Str-4 Dex-5}
   (You took it off a vampire knight on level 3 of the Crypt)

   [ring of positive energy]

   Str-4:     It affects your strength (-4).
   Dex-5:     It affects your dexterity (-5).
   rF+:       It protects you from fire.
   rC++:      It greatly protects you from cold.
   rN+:       It protects you from negative energy.
 K - the ring of Namod (left hand) {rElec Int+6}
   (You took it off an ironbound convoker on level 5 of the Vaults)

   [ring of intelligence]

   Int+6:     It affects your intelligence (+6).
   rElec:     It insulates you from electricity.
Wands
 w - a wand of acid (23)
 D - a wand of digging (18)
 E - a wand of flame (10)
 I - a wand of roots (87)
 U - a wand of paralysis (34)
 W - a wand of polymorph (25)
Scrolls
 b - 4 scrolls of poison
 c - 6 scrolls of torment
 f - 2 scrolls of revelation
 g - 7 scrolls of butterflies
 n - 13 scrolls of fear
 y - 4 scrolls of silence
 B - 16 scrolls of teleportation
 L - 6 scrolls of fog
 O - 8 scrolls of vulnerability
 Y - 12 scrolls of immolation
Potions
 j - 12 potions of haste
 k - 45 potions of curing
 m - 8 potions of attraction
 r - 10 potions of might
 t - 9 potions of enlightenment
 z - 9 potions of lignification
 F - a potion of magic
 G - 9 potions of ambrosia
 J - 6 potions of mutation
 M - 3 potions of heal wounds
 N - 5 potions of invisibility
 R - 6 potions of resistance
 S - 8 potions of brilliance
 V - 5 potions of cancellation
Miscellaneous
 a - a lightning rod (4/4)
 d - a phantom mirror
 s - a box of beasts
 x - a condenser vane
 X - a phial of floods


   Skills:
 O Level 27 Fighting
 - Level 24.0 Axes
 - Level 25.2 Armour
 - Level 19.1 Dodging
 + Level 20.9 Invocations
 - Level 20.0 Evocations


You had 25 spell levels left.
You didn't know any spells.
Your spell library contained the following spells:

 Spells                   Type           Power      Damage    Failure   Level
 Apportation              Tloc           0%         N/A       22%         1
 Foxfire                  Conj/Fire      0%         2x1d4     22%         1
 Hailstorm                Conj/Ice       0%         3d5       54%         3
 Teleport Other           Tloc           0%         N/A       54%         3
 Anguish                  Hex/Necr       0%         N/A       91%         4
 Cause Fear               Hex            0%         N/A       91%         4
 Iskenderun's Battlesphe  Conj           0%         2d6       99%         5
 Summon Forest            Summ/Tloc      0%         N/A       99%         5
 Bombard                  Conj/Erth      0%         9d1       100%        6
 Plasma Beam              Fire/Air       0%         2x1d10    100%        6
 Enfeeble                 Hex            0%         N/A       100%        7
 Spellforged Servitor     Conj/Summ      0%         N/A       100%        7
 Lehudib's Crystal Spear  Conj/Erth      0%         10d2      100%        8


Dungeon Overview and Level Annotations

Branches:
Dungeon (15/15)            Temple (1/1) D:4            Lair (5/5) D:8
  Swamp (4/4) Lair:2       Spider (4/4) Lair:3        Slime (0/5) Lair:5
    Orc (2/2) D:11            Elf (3/3) Orc:2        Vaults (5/5) D:14
  Crypt (3/3) Vaults:2       Tomb (0/3) Crypt:3      Depths (4/4) D:15
   Hell (visited)             Dis (0/7) Hell            Geh (0/7) Hell
    Coc (0/7) Hell            Tar (0/7) Hell            Zot (5/5) Depths:4
 Bailey (visited)           IceCv (visited)

Altars:
Ashenzari
Cheibriados
Dithmenos
Elyvilon
Fedhas
Gozag
Hepliaklqana
Kikubaaqudgha
Makhleb
Nemelex Xobeh
Okawaru
Qazlal
Ru
Sif Muna
Trog
Uskayaw
Vehumet
Wu Jian
Xom
Yredelemnul
Zin
The Shining One
Beogh
Jiyva

Shops:
D:7 !   D:8 *!?   D:9 !   Orc:2 [=(   Elf:2 :?[=(   Vaults:1 [   Vaults:3 :
Vaults:4 (   Vaults:5 !?   Depths:1 ?   Depths:3 :=:   Depths:4 *:(

Portals:
Hell: Depths:1 Depths:2 Depths:3 Depths:4
Abyss: Depths:1 Depths:3 Depths:4
Pandemonium: Depths:1 Depths:2 Depths:3 Depths:4
Ziggurat: Depths:3
Trove: Depths:1 (show abyssal rune of Zot)

Annotations:
D:7 exclusion: statue
D:9 1 transporter, olddryhag's ghost, journeyman CoWn
D:11 3 runed translucent doors, exclusion: door, MadMike78's ghost, journeyman CoHu
Lair:5 exclusion: 2 oklob plants
Swamp:3 Roxanne
Spider:4 2 runed translucent doors
Elf:2 5 runed translucent doors
Zot:1 1 transporter, 3 runed translucent doors, Bealaq's ghost, legendary GnFE
Zot:3 6 transporters
Zot:5 1 exclusion


Innate Abilities, Weirdness & Mutations

Your spellcasting is much less encumbered by armour.
You can use scrolls of enchantment on lesser artefacts.
Potions are less effective at restoring your health.


Message History

You completely miss the deep troll.
The deep troll is heavily wounded.
You hit the iron troll but do no damage.
You hit the ogre. You slash the stone giant! The ogre barely misses you.
The deep troll closely misses you. The deep troll claws you!
* * * LOW HITPOINT WARNING * * *
The deep troll barely misses you. The stone giant hits you.
* * * LOW HITPOINT WARNING * * *
The iron troll bites you but does no damage.
The iron troll misses you. x2
You take 12 damage, and have 53/266 hp.
You now have 1/37 mp.
As you read the scroll of teleportation, it crumbles to dust.
You feel strangely unstable.
You feel the power of the Abyss delaying your translocation!
The troll rages.
The stone giant hits you but does no damage.
The deep troll bites you but does no damage.
The deep troll claws you but does no damage.
The deep troll misses you.
The iron troll bites you but does no damage.
The iron troll claws you but does no damage.
The iron troll claws you!
* * * LOW HITPOINT WARNING * * *
The deep troll bites you!!
* * * LOW HITPOINT WARNING * * *
The deep troll claws you but does no damage. x2
The stone giant hits you!
* * * LOW HITPOINT WARNING * * *
You take 50 damage, and have 3/266 hp.
Your system partially rejects the healing.
You feel much better.
The two-headed ogre hits you but does no damage.
The two-headed ogre hits you with a +0 giant club!
* * * LOW HITPOINT WARNING * * *
The stone giant closely misses you.
The polar bear rages.
The deep troll barely misses you.
The deep troll claws you but does no damage.
The deep troll claws you.
You die...

## #####
#..#.#.#
#.#. ..#.#
#...# #CT#
#....T#@#
##W†.TTO#
#.###.#Oh#
W. ##.....
# .#.#....
.###.#.#..#
# . #.... #
.. # #.


You could see an iron troll (berserk), a stone giant (berserk), a flayed ghost,
a two-headed ogre (berserk), a deep troll (berserk), a polar bear (berserk), a
troll (berserk) and an ogre (berserk).

Vanquished Creatures
  2 dread liches
  Frederick (Depths:3)
  Khufu (Crypt:1)
  4 ancient liches
  A juggernaut (Depths:3)
  Xtahua (Vaults:3)
  A royal mummy (Crypt:1)
  Parghit (Zot:2)
  the Lernaean hydra (Swamp:4)
  Saint Roka (D:15)
  Margery (Depths:2)
  2 curse toes
  Geryon (Hell)
  6 golden dragons
  Norris (Vaults:4)
  3 bone dragons
  An electric golem (Zot:3)
  16 tentacled monstrosities
  10 liches
  6 quicksilver dragons
  Mlioglotl (Swamp:3)
  8 titans
  3 deep elf blademasters (Elf:3)
  8 death cobs
  A kraken (Swamp:1)
  A searing wretch (Depths:2)
  7 sphinxes
  7 tentacled starspawn (Abyss:3)
  5 ancient champions
  Agnes (D:15)
  A thorn hunter (Swamp:1)
  13 shadow dragons
  11 tengu reavers
  Donald (Spider:1)
  8 storm dragons
  A fenstrider witch (Swamp:4)
  The ghost of Atlas the Eclecticist, an adept DsFE of Vehumet (Spider:4)
  2 protean progenitors (Zot:3)
  7 draconian knights
  A revenant (Crypt:1)
  5 draconian monks
  7 iron dragons
  5 draconian shifters
  21 fire giants
  12 frost giants
  7 ghost moths
  9 emperor scorpions
  9 deep elf sorcerers
  Louise (Swamp:4)
  6 draconian scorchers
  13 vault wardens
  2 curse skulls (Crypt:2)
  5 deep elf elementalists
  6 balrugs
  A caustic shrike zombie (Crypt:3)
  11 ghouls
  21 ironbound preservers
  4 orc warlords
  20 very ugly things
  7 reapers
  The ghost of HilariousDeathArtist the Fighter, a journeyman MDRe of Hepliaklqana (Lair:5)
  3 broodmothers
  2 formless jellyfish
  25 stone giants
  An ophan (Abyss:3)
  5 draconian stormcallers
  14 deep elf annihilators
  8 vampire knights
  3 eleionomae
  6 green draconians
  7 ironbound thunderhulks
  7 deep elf death magi
  16 white draconians
  A putrid mouth (Hell)
  10 black draconians
  2 lorocyprocas (Depths:2)
  5 red draconians
  10 deep elf demonologists
  7 yellow draconians
  6 war gargoyles
  10 spark wasps
  A halazid warlock (Hell)
  6 bunyips
  13 purple draconians
  An acid blob zombie (Crypt:2)
  8 dire elephants
  13 ettins
  Josephine (D:10)
  2 eidola
  4 entropy weavers
  4 blizzard demons (Hell)
  Snorg (Lair:4)
  6 crystal guardians
  14 yaktaur captains
  6 fire dragons
  2 deep elf high priests (Vaults:5)
  An iron golem (Hell)
  3 rakshasas
  9 great orbs of eyes
  2 peacekeepers (Vaults:2)
  39 vault guards
  A fenstrider witch zombie (Crypt:3)
  2 caustic shrike simulacra (IceCv)
  15 hydras
  5 ice dragons
  A merfolk avatar (Lair:5)
  7 ogre magi
  4 spriggan air magi
  6 boulder beetles
  2 sphinx zombies (D:15)
  8 jorogumos
  A juggernaut simulacrum (Hell)
  2 anacondas (Zot:3)
  9 alligators
  14 ironbound frosthearts
  A catoblepas (D:14)
  13 two-headed ogres
  A ghost crab (Swamp:2)
  12 centaur warriors
  14 dancing weapons
  6 death yaks
  6 radroaches
  An azure jelly zombie (Crypt:1)
  A fenstrider witch skeleton (Crypt:1)
  10 tengu warriors
  10 hell hogs (Hell)
  4 death knights
  5 vampire magi
  9 demonic crawlers
  Urug (Orc:2)
  9 deep troll shamans
  10 thrashing horrors (Abyss:3)
  7 deep troll earth magi
  A spriggan berserker (Depths:3)
  11 occultists
  5 soul eaters
  A titan zombie (Crypt:3)
  9 deep elf knights
  15 hell knights
  2 orc high priests (Orc:2)
  Nergalle (Orc:1)
  6 sun demons (Hell)
  33 skeletal warriors
  4 wretched stars (Abyss:3)
  4 pharaoh ants
  Amaemon (Lair:2)
  2 shadow wraiths
  3 sixfirhies
  5 skysharks
  3 glowing orange brains
  10 iron trolls
  15 large abominations (Abyss:3)
  A mana viper (shapeshifter) (Vaults:5)
  8 orb spiders
  A spriggan druid (Swamp:4)
  89 deep trolls
  An orb spider (shapeshifter) (Vaults:5)
  5 thermic dynamos
  17 bog bodies
  3 sun moths
  7 flayed ghosts
  10 arcanists
  2 alligator zombies
  10 lindwurms
  A bunyip skeleton (Crypt:3)
  An anaconda zombie (Hell)
  5 steelbarb worms
  11 deep elf archers
  A tengu zombie (Vaults:4)
  11 swamp dragons
  An anaconda skeleton (Crypt:3)
  31 deep elf pyromancers
  22 deep elf zephyrmancers
  9 phantasmal warriors
  2 obsidian statues
  13 orc knights
  2 starcursed masses (Abyss:3)
  3 harpies (Vaults:5)
  A spriggan simulacrum (IceCv)
  22 ironbound convokers
  24 wolf spiders
  27 ugly things
  A steelbarb worm (shapeshifter) (Vaults:5)
  18 necromancers
  5 orc sorcerers
  6 will-o-the-wisps
  3 fire giant zombies (Vaults:4)
  18 cyclopes
  A worldbinder (Abyss:3)
  6 manticores
  A salamander (Depths:2)
  A shadow dragon skeleton (Crypt:3)
  Joseph (D:9)
  6 meliai
  19 elephants (Lair:5)
  Maurice (D:8)
  2 alligator skeletons (Hell)
  An apocalypse crab (Abyss:3)
  2 rust devils
  27 moths of wrath
  4 molten gargoyles (Hell)
  A stone giant skeleton (Vaults:4)
  2 ice statues
  A frost giant skeleton (Crypt:1)
  9 kobold blastminers (Orc:1)
  20 vault sentinels
  2 orange demons
  A dire elephant zombie (Crypt:3)
  9 smoke demons
  9 torpor snails
  12 cane toads
  3 black mambas
  A purple draconian zombie (Crypt:2)
  A hellion (Hell)
  4 unseen horrors
  4 gargoyles
  A grey draconian zombie (Crypt:1)
  A mana viper skeleton (Crypt:2)
  A kobold demonologist (D:12)
  2 sea snake zombies (Hell)
  A tormentor (Abyss:3)
  An anaconda simulacrum (IceCv)
  9 komodo dragons
  44 yaktaurs
  4 rime drakes
  4 tengu conjurers
  A red devil (D:12)
  25 freezing wraiths
  A golden dragon simulacrum (IceCv)
  A polar bear (shapeshifter) (D:15)
  2 harpy zombies (Crypt:1)
  A white draconian skeleton (Crypt:2)
  4 trolls
  8 ancient zymes
  7 ice devils
  7 hornets
  8 tyrant leeches
  A wind drake (Lair:5)
  A hydra zombie (Hell)
  7 polar bears
  28 tarantellas
  A fire dragon zombie (Crypt:3)
  7 alligator simulacra (IceCv)
  A sea snake skeleton (Hell)
  3 dream sheep
  A snapping turtle (shapeshifter) (Depths:4)
  A hydra skeleton (Abyss:3)
  9 raiju (Abyss:3)
  A fire giant simulacrum (Vaults:4)
  9 blink frogs
  38 jumping spiders
  A snapping turtle (Lair:5)
  6 air elementals
  26 slime creatures
  A vampire (Bailey)
  24 culicivoras
  3 shadows
  A ynoxinul (Abyss:3)
  6 spriggans
  Sigmund (D:4)
  3 wyverns
  52 yaks
  4 fire bats (D:11)
  7 water elementals
  3 dire elephant simulacra
  13 wraiths
  3 basilisks
  Grum (D:8)
  63 redbacks
  A steam dragon (D:8)
  2 fire elementals
  2 neqoxecs (Abyss:3)
  26 vampire mosquitoes
  3 chaos spawn
  4 wargs
  17 swamp worms
  5 harpy simulacra
  A demonspawn zombie (Crypt:2)
  4 acid dragons
  A two-headed ogre zombie (Crypt:1)
  15 hell hounds
  3 hydra simulacra
  16 water moccasins
  2 sky beasts (D:6)
  A cane toad skeleton (Crypt:2)
  36 orc warriors
  2 ice beasts
  2 redbacks (shapeshifter) (Vaults:5)
  7 black bears
  An ettin simulacrum (IceCv)
  5 swamp drakes
  An elephant zombie (Crypt:1)
  39 laughing skulls
  5 boggarts (Vaults:2)
  13 ogres
  16 wolves
  11 centaurs
  2 human skeletons
  3 kobold brigands
  A brain worm (Abyss:3)
  14 bullfrogs
  2 weeping skulls (Abyss:3)
  A rime drake skeleton (Crypt:1)
  A komodo dragon skeleton (Crypt:2)
  A wyvern zombie (D:6)
  4 scorpions
  10 small abominations (Abyss:3)
  An earth elemental (Elf:1)
  20 wights
  4 killer bees (D:9)
  A water moccasin skeleton (Crypt:1)
  4 lindwurm simulacra (IceCv)
  2 howler monkeys
  8 vampire bats (Bailey)
  5 wolf zombies (Bailey)
  An electric eel (D:7)
  2 bombardier beetles
  A centaur zombie (D:6)
  5 bullfrog zombies (D:6)
  21 orc priests
  Crazy Yiuf (D:4)
  A gnoll bouda (D:7)
  5 hounds
  2 iron imps (Abyss:3)
  4 jellies
  A sleepcap (D:7)
  6 iguanas
  28 orc wizards
  An ice beast zombie (Crypt:2)
  An ogre zombie (Crypt:2)
  3 naga skeletons
  2 mummies (Crypt:1)
  Robin (D:4)
  3 gnolls (D:7)
  6 adders
  A shadow imp (D:5)
  3 white imps
  4 ufetubi
  A lava snake zombie (Crypt:2)
  2 dart slugs
  A ribbon worm (D:3)
  94 orcs
  10 bats
  6 endoplasms
  3 giant cockroaches
  13 goblins
  7 hobgoblins
  2 jackals (D:3)
  14 kobolds
  3 quokkas
  5 ball pythons
  A ball python zombie (Crypt:1)
  A dart slug zombie (Crypt:2)
  5 frilled lizards
  A gnoll skeleton (Crypt:1)
  26 orc zombies (Bailey)
  8 rats
  An aspiring flesh (Zot:3)
  A lurking horror (Abyss:3)
  5 starspawn tentacles (Abyss:3)
  8 tentacles (Swamp:1)
2582 creatures vanquished.

Vanquished Creatures (collateral kills)
  A peacekeeper (Vaults:3)
  Erica (Orc:1)
  A death yak (Lair:5)
  A troll (Orc:1)
  A hornet (Lair:5)
  A basilisk (Lair:5)
6 creatures vanquished.

Vanquished Creatures (others)
  Nikola (Swamp:4)
  A tengu reaver (Vaults:5)
  A draconian annihilator (Depths:4)
  A yaktaur captain (Vaults:5)
  A deep elf high priest (Elf:3)
  A phantasmal warrior (Depths:3)
  A bloated husk (Swamp:3)
  A tyrant leech (Swamp:2)
  An orc wizard (Orc:2)
  16 foxfires
  2 lurking horrors (Abyss:3)
  12 starspawn tentacles (Abyss:3)
  4 tentacles (Swamp:1)
43 creatures vanquished.

Grand Total: 2631 creatures vanquished

Notes
Turn   | Place    | Note
-------+----------+-------------------------------------------
     0 | D:1      | jasper the Mountain Dwarf Berserker began the quest for the
                  | Orb.
     0 | D:1      | Reached XP level 1. HP: 19/19 MP: 1/1
   192 | D:1      | Reached XP level 2. HP: 26/26 MP: 2/2
   966 | D:1      | Reached ** piety under Trog
   967 | D:1      | Reached XP level 3. HP: 31/31 MP: 3/3
  1173 | D:2      | Found a faded altar of an unknown god.
  1901 | D:3      | Found a stormy altar of Qazlal.
  1974 | D:3      | Reached XP level 4. HP: 38/40 MP: 4/4
  2391 | D:3      | Reached skill level 4 in Fighting
  2391 | D:3      | Reached skill level 5 in Axes
  2494 | D:3      | Identified the +1 trident "Pendulum" {elec, Will++}
  2731 | D:4      | Found a staircase to the Ecumenical Temple.
  2743 | D:4      | Reached XP level 5. HP: 46/46 MP: 5/5
  2954 | D:4      | Noticed Robin
  2962 | D:4      | Killed Robin
  2998 | D:4      | Noticed Sigmund
  3000 | D:4      | Noticed an ogre
  3001 | D:4      | Found a burning altar of Makhleb.
  3009 | D:4      | Killed an ogre
  3010 | D:4      | Reached XP level 6. HP: 53/53 MP: 6/6
  3016 | D:4      | Killed Sigmund
  3016 | D:4      | Reached *** piety under Trog
  3147 | D:4      | Reached XP level 7. HP: 60/60 MP: 7/7
  3416 | D:4      | Found a runed translucent door.
  3417 | D:4      | Noticed Crazy Yiuf
  3422 | D:4      | Killed Crazy Yiuf
  3482 | D:5      | Entered Level 5 of the Dungeon
  3499 | D:5      | Reached skill level 5 in Fighting
  4497 | D:5      | Reached XP level 8. HP: 59/69 MP: 8/8
  4646 | D:6      | Found a blossoming altar of Fedhas.
  4750 | D:6      | Reached skill level 5 in Armour
  4949 | D:6      | Reached skill level 6 in Fighting
  5353 | D:6      | Reached XP level 9. HP: 72/78 MP: 9/9
  5430 | D:6      | Found a basalt altar of Yredelemnul.
  5434 | D:6      | Identified the +8 trident of Conformity {elec, rElec Int-5
                  | Dex+5}
  5748 | D:7      | Reached skill level 10 in Axes
  6162 | D:7      | Reached skill level 7 in Fighting
  6203 | D:7      | Reached **** piety under Trog
  6426 | D:7      | Found a radiant altar of Vehumet.
  6653 | D:7      | Identified a scroll of acquirement
  6653 | D:7      | Acquired the +8 broad axe of Beerur {flame, rElec rF+++
                  | rCorr Dex-3}
  6763 | D:7      | Found Poar Yps's Distillery.
  6768 | D:7      | Bought a potion of curing for 36 gold pieces
  6768 | D:7      | Bought a potion of curing for 36 gold pieces
  6768 | D:7      | Bought a potion of curing for 36 gold pieces
  6768 | D:7      | Bought a potion of lignification for 36 gold pieces
  6768 | D:7      | Bought a potion of ambrosia for 96 gold pieces
  6805 | D:8      | Found Elionag's Magic Scroll Shoppe.
  6805 | D:8      | Found a staircase to the Lair.
  6813 | D:8      | Noticed Maurice
  6820 | D:8      | Reached skill level 5 in Dodging
  6844 | D:8      | Something stole the +8 trident of Conformity {elec, rElec
                  | Int-5 Dex+5}
  6848 | D:8      | Something stole a ring of positive energy
  6858 | D:8      | Something stole 3 poisoned darts
  6860 | D:8      | Killed Maurice
  6861 | D:8      | Reached XP level 10. HP: 88/88 MP: 3/10
  6865 | D:8      | Bought a scroll of fog for 44 gold pieces
  6989 | D:8      | Reached skill level 8 in Fighting
  7042 | D:8      | Found Gozag's Platinum Reserve.
  7053 | D:8      | Found an opulent altar of Gozag.
  7075 | D:8      | Noticed Grum
  7115 | D:8      | Killed Grum
  7287 | D:8      | Found Nyag's Distillery.
  7293 | D:8      | Bought a potion of curing for 48 gold pieces
  7663 | D:9      | Identified the +3 leather armour of Foolhardiness {rC+}
  7768 | D:9      | Found a flagged portal.
  7833 | Bailey   | Entered a bailey
  8108 | Bailey   | Noticed a gargoyle
  8118 | Bailey   | Killed a gargoyle
  8324 | Bailey   | Identified the +9 shortbow "Vifi" {heavy, rC- rN+ Str+7
                  | Dex+3}
  8394 | D:9      | Found a transporter.
  8398 | D:9      | Noticed olddryhag's ghost (journeyman CoWn)
  8398 | D:9      | Noticed a two-headed ogre
  8399 | D:9      | Noticed a two-headed ogre
  8401 | D:9      | Noticed a two-headed ogre
  8401 | D:9      | Noticed a two-headed ogre
  8403 | D:9      | Identified the +1 giant club "Natweu Suto" {freeze, rCorr}
  8403 | D:9      | Noticed a two-headed ogre
  8620 | D:9      | Noticed Joseph
  8637 | D:9      | Killed Joseph
  8638 | D:9      | Reached skill level 9 in Fighting
  8640 | D:9      | Reached XP level 11. HP: 53/97 MP: 11/11
  8809 | D:9      | Found a shimmering altar of Xom.
  8810 | D:9      | Found a shimmering altar of Xom.
  8810 | D:9      | Found a shimmering altar of Xom.
  8810 | D:9      | Found a shimmering altar of Xom.
  8810 | D:9      | Found a shimmering altar of Xom.
  8810 | D:9      | Found a shimmering altar of Xom.
  8810 | D:9      | Found a shimmering altar of Xom.
  8910 | D:9      | Found Liox's Distillery.
  8916 | D:9      | Bought a potion of curing for 42 gold pieces
  8952 | D:10     | Entered Level 10 of the Dungeon
  9009 | D:10     | Noticed Josephine
  9017 | D:10     | Killed Josephine
  9137 | D:10     | Reached skill level 10 in Fighting
  9660 | D:10     | Noticed a two-headed ogre
  9665 | D:10     | Killed a two-headed ogre
 10376 | D:11     | Reached skill level 11 in Fighting
 10447 | D:11     | Found a staircase to the Orcish Mines.
 10447 | D:11     | Found a runed translucent gate.
 10447 | D:11     | Found a runed translucent gate.
 10448 | D:11     | Found a runed translucent gate.
 10479 | D:11     | Noticed MadMike78's ghost (journeyman CoHu)
 10560 | D:11     | Noticed a two-headed ogre
 10566 | D:11     | Killed a two-headed ogre
 10661 | D:11     | Reached ***** piety under Trog
 10760 | D:11     | Reached skill level 15 in Axes
 10888 | D:11     | Reached skill level 10 in Armour
 10888 | D:11     | Reached XP level 12. HP: 102/110 MP: 12/12
 11190 | Lair:1   | Entered Level 1 of the Lair of Beasts
 11879 | Lair:1   | Reached skill level 12 in Fighting
 12117 | Lair:1   | Identified the +4 chain mail of Supple Strength {Fly rF+
                  | rN+ Str-4}
 12722 | Lair:2   | Noticed a four-headed hydra
 12729 | Lair:2   | Killed a one-headed hydra
 12807 | Lair:2   | Found a staircase to the Swamp.
 13109 | Lair:2   | Noticed Amaemon
 13120 | Lair:2   | Killed Amaemon
 13121 | Lair:2   | Reached skill level 13 in Fighting
 13623 | Lair:2   | Identified the +2 whip of Lussuez {spect, rPois Dex+2}
 13944 | Lair:3   | Found a hole to the Spider Nest.
 14200 | Lair:3   | Noticed an eight-headed hydra
 14209 | Lair:3   | Killed a four-headed hydra
 14216 | Lair:3   | Reached XP level 13. HP: 108/122 MP: 13/13
 14329 | Lair:3   | Identified the +0 leather armour of the Original Sin {rC++}
 14509 | Lair:3   | Identified the +6 chain mail of the Imbibing Gods {Str+6
                  | Slay+2}
 15171 | Lair:4   | Noticed Snorg
 15180 | Lair:4   | Killed Snorg
 15241 | Lair:4   | Received a gift from Trog
 15442 | Lair:4   | Reached skill level 14 in Fighting
 15670 | Lair:5   | Entered Level 5 of the Lair of Beasts
 16511 | Lair:5   | Reached skill level 15 in Fighting
 16577 | Lair:5   | Reached XP level 14. HP: 34/135 MP: 14/14
 16598 | Lair:5   | Identified the +3 trident "Ekhid" {venom, rN+ Will- Dex+4}
 16874 | Lair:5   | Found a viscous altar of Jiyva.
 16876 | Lair:5   | Found a staircase to the Slime Pits.
 17147 | Lair:5   | Noticed HilariousDeathArtist's ghost (journeyman MDRe)
 17151 | Lair:5   | Found a runed translucent door.
 17401 | Lair:5   | Killed HilariousDeathArtist's ghost
 17805 | Orc:1    | Entered Level 1 of the Orcish Mines
 17807 | Orc:1    | Noticed Nergalle
 17814 | Orc:1    | Killed Nergalle
 18054 | Orc:1    | Noticed an orc warlord
 18065 | Orc:1    | Killed an orc warlord
 18068 | Orc:1    | Noticed Erica
 18081 | Orc:1    | Killed Erica
 18590 | Orc:1    | Received a gift from Trog
 18595 | Orc:1    | Reached skill level 16 in Fighting
 18618 | Orc:1    | Found a roughly hewn altar of Beogh.
 18921 | Orc:2    | Entered Level 2 of the Orcish Mines
 18921 | Orc:2    | Found a staircase to the Elven Halls.
 19528 | Orc:2    | Received a gift from Trog
 19601 | Orc:2    | Noticed an orc warlord
 19612 | Orc:2    | Killed an orc warlord
 19643 | Orc:2    | Noticed Urug
 19645 | Orc:2    | Found a roughly hewn altar of Beogh.
 19653 | Orc:2    | Killed Urug
 19659 | Orc:2    | Found Elygexyh's General Store.
 19909 | Orc:2    | Found Cateucs's Antique Armour Emporium.
 20042 | Orc:2    | Found Feopt's Jewellery Emporium.
 20064 | Orc:2    | Bought an ichor-stained plate armour for 1008 gold pieces
 20064 | Orc:2    | Identified the +4 plate armour of the Ward {rPois Str+3
                  | Dex+3} (You bought it in a shop on level 2 of the Orcish
                  | Mines)
 20250 | Orc:2    | Found Kathulorgh's Antique Weapon Emporium.
 20423 | D:12     | Identified the +7 short sword of Woe {flame, rF+ rC+}
 20939 | D:12     | Reached XP level 15. HP: 86/143 MP: 15/15
 22515 | D:14     | Found an ornate altar of the Wu Jian Council.
 22611 | D:14     | Found a gate to the Vaults.
 22647 | D:14     | Reached skill level 10 in Dodging
 22835 | D:14     | Received a gift from Trog
 23427 | D:14     | Reached skill level 17 in Fighting
 23647 | D:15     | Entered Level 15 of the Dungeon
 23862 | D:15     | Noticed Agnes
 23873 | D:15     | Killed Agnes
 24025 | D:15     | Found a broken altar of Ashenzari.
 24093 | D:15     | Found a staircase to the Depths.
 24110 | D:15     | Reached XP level 16. HP: 116/155 MP: 16/16
 24401 | D:15     | Identified the +6 scale mail of Slimy Awe {+Blink Str+6
                  | Int-4}
 24982 | Swamp:1  | Entered Level 1 of the Swamp
 25462 | Swamp:1  | Received a gift from Trog
 25748 | Swamp:1  | Noticed a thorn hunter
 25759 | Swamp:1  | Killed a thorn hunter
 25811 | Swamp:1  | Noticed a kraken
 25827 | Swamp:1  | Killed a kraken
 26161 | Swamp:2  | Reached skill level 15 in Armour
 27032 | Swamp:3  | Noticed a tentacled monstrosity
 27041 | Swamp:3  | Killed a tentacled monstrosity
 27101 | Swamp:3  | Noticed a tentacled monstrosity
 27115 | Swamp:3  | Killed a tentacled monstrosity
 27266 | Swamp:3  | Found a glacial archway.
 27278 | IceCv    | Entered an ice cave
 27287 | IceCv    | Reached ****** piety under Trog
 27852 | IceCv    | Found an ancient bone altar of Kikubaaqudgha.
 27870 | IceCv    | Noticed a lich
 27887 | IceCv    | Killed a lich
 28099 | IceCv    | Identified the staff "Dizupaf" {^Contam rC+ rN+ Str+3 Dex+3
                  | Necro Alchemy}
 28167 | IceCv    | Identified the ring "Kozeuwn" {Ice *Slow rPois Str+3 Int+7}
 28297 | Swamp:3  | Noticed Roxanne
 28413 | Swamp:4  | Entered Level 4 of the Swamp
 28483 | Swamp:4  | Noticed Mlioglotl
 28491 | Swamp:3  | Killed Mlioglotl
 28548 | Swamp:4  | Noticed Louise
 28564 | Swamp:4  | Killed Louise
 28588 | Swamp:4  | Noticed Nikola
 28616 | Swamp:4  | Killed Nikola
 28617 | Swamp:4  | Reached XP level 17. HP: 22/163 MP: 17/17
 28717 | Swamp:4  | Reached skill level 1 in Evocations
 29035 | Swamp:4  | Reached skill level 18 in Fighting
 29059 | Swamp:4  | Noticed the 27-headed Lernaean hydra
 29065 | Swamp:4  | Killed the 23-headed Lernaean hydra
 29108 | Swamp:4  | Received a gift from Trog
 29447 | Swamp:4  | Got a decaying rune of Zot
 29658 | Spider:1 | Entered Level 1 of the Spider Nest
 29744 | Spider:1 | Noticed Donald
 29758 | Spider:1 | Killed Donald
 30911 | Spider:1 | Received a gift from Trog
 31084 | Spider:1 | Reached skill level 19 in Fighting
 31125 | Spider:1 | Reached skill level 5 in Evocations
 31792 | Spider:3 | Reached XP level 18. HP: 174/176 MP: 18/18
 31808 | Spider:3 | Received a gift from Trog
 32447 | Spider:3 | Received a gift from Trog
 33009 | Spider:4 | Entered Level 4 of the Spider Nest
 33376 | Spider:4 | Reached skill level 20 in Fighting
 33507 | Spider:4 | Found a runed translucent door.
 33507 | Spider:4 | Noticed Atlas's ghost (adept DsFE)
 33571 | Spider:4 | Found a large runed translucent door.
 33571 | Spider:4 | Found a large runed translucent door.
 34142 | Spider:4 | Received a gift from Trog
 34192 | Spider:4 | Found the +3 Mad Mage's Maulers {Infuse+∞ VampMP -Cast}
 34206 | Spider:4 | Identified the +1 pair of gloves of Poor Excuses {rElec
                  | Dex+3}
 34261 | Spider:4 | Got a gossamer rune of Zot
 34468 | Spider:4 | Killed Atlas's ghost
 34771 | Elf:1    | Entered Level 1 of the Elven Halls
 35405 | Elf:1    | Found a stormy altar of Qazlal.
 35406 | Elf:1    | Paralysed by an air elemental for 1 turns
 35417 | Elf:1    | Reached XP level 19. HP: 188/188 MP: 2/19
 35950 | Elf:2    | Reached skill level 21 in Fighting
 36057 | Elf:2    | Found Sats's Book Shoppe.
 36190 | Elf:2    | Paralysed by an air elemental for 1 turns
 36194 | Elf:2    | Paralysed by an air elemental for 1 turns
 36319 | Elf:2    | Found Zazeto's Jewellery Emporium.
 36321 | Elf:2    | Paralysed by an air elemental for 1 turns
 36348 | Elf:2    | Identified the +7 chain mail "Omnosic" {rElec rF+ rC-
                  | Regen+}
 36505 | Elf:2    | Found Qibuif's Armour Emporium.
 36539 | Elf:2    | Found Ilawab's Magic Scroll Shop.
 36548 | Elf:2    | Bought a scroll of enchant armour for 105 gold pieces
 36548 | Elf:2    | Bought a scroll of blinking for 105 gold pieces
 36548 | Elf:2    | Bought a scroll of revelation for 105 gold pieces
 36548 | Elf:2    | Bought a scroll of vulnerability for 56 gold pieces
 36548 | Elf:2    | Bought 3 scrolls of immolation for 168 gold pieces
 36613 | Elf:2    | Found Gankali's Weapon Shoppe.
 36961 | Elf:2    | Found a huge runed translucent gate.
 36961 | Elf:2    | Found a huge runed translucent gate.
 36961 | Elf:2    | Found a huge runed translucent gate.
 36962 | Elf:2    | Found a huge runed translucent gate.
 36964 | Elf:2    | Found a huge runed translucent gate.
 37098 | Elf:3    | Entered Level 3 of the Elven Halls
 37244 | Elf:3    | Received a gift from Trog
 38085 | Abyss:3  | Cast into level 3 of the Abyss (a deep elf demonologist)
 38573 | Abyss:3  | Gained mutation: Potions are less effective at restoring
                  | your health. [a neqoxec]
 38616 | Elf:3    | Escaped the Abyss
 38941 | Elf:3    | Noticed a Tzitzimitl
 38945 | Elf:3    | Received a gift from Trog
 39137 | Elf:3    | Reached skill level 10 in Evocations
 39334 | Elf:3    | Reached skill level 22 in Fighting
 39364 | Elf:3    | Identified the +6 battleaxe of Sloth {vamp, rC- rN+ Str-4
                  | Dex+9}
 39413 | Elf:3    | Identified the ring of Fapte {rC+++ EV+5 Str-3 Stlth+}
 39419 | Elf:3    | Identified the +1 quarterstaff of Sumeupp {pain, rN+ Dex+4}
 40044 | Elf:3    | Identified the +3 cloak of Futuristic Knowledge {Will+
                  | Int+7}
 40264 | Elf:3    | Identified the ring of Doeth {+Blink rPois rCorr}
 40626 | Vaults:1 | Entered Level 1 of the Vaults
 40897 | Vaults:1 | Found Hubuis's Armour Shop.
 40952 | Vaults:1 | Reached XP level 20. HP: 190/191 MP: 7/20
 40980 | Vaults:1 | Received a gift from Trog
 42821 | Vaults:2 | Received a gift from Trog
 42825 | Vaults:2 | Reached skill level 23 in Fighting
 43265 | Vaults:2 | Acquired a manual of Dodging
 45162 | Vaults:2 | Received a gift from Trog
 45165 | Vaults:2 | Found a staircase to the Crypt.
 45625 | Vaults:3 | Noticed Xtahua
 45641 | Vaults:3 | Killed Xtahua
 45912 | Vaults:3 | Reached XP level 21. HP: 190/213 MP: 2/21
 46549 | Vaults:3 | Received a gift from Trog
 46550 | Vaults:3 | Reached skill level 24 in Fighting
 47561 | Vaults:3 | Found Lieggid's Book Emporium.
 47796 | Vaults:4 | Paralysed by a formless jellyfish for 1 turns
 48109 | Vaults:4 | Found Ronn's Weapon Shop.
 48136 | Vaults:4 | Received a gift from Trog
 48910 | Vaults:4 | Noticed Norris
 48963 | Vaults:4 | Killed Norris
 48999 | Vaults:4 | Reached skill level 15 in Dodging
 49707 | Vaults:4 | Received a gift from Trog
 50068 | Vaults:5 | Entered Level 5 of the Vaults
 50070 | Vaults:5 | Noticed an ancient lich
 50079 | Vaults:5 | Killed an ancient lich
 50442 | Vaults:5 | Identified the +9 long sword of Nunipuas {flame, rPois rN+}
 50506 | Vaults:5 | Identified the +6 orcbow of Agony {freeze, rElec rC+}
 50539 | Vaults:5 | Reached skill level 25 in Fighting
 50544 | Vaults:5 | Reached XP level 22. HP: 222/226 MP: 3/22
 50614 | Vaults:5 | Received a gift from Trog
 50630 | Vaults:5 | Upgraded the game from 0.32-a0-656-g3542139ebd to
                  | 0.32-a0-666-ge8a88695a4
 50630 | Vaults:5 | Identified the +6 morningstar of Paliotio {protect, Dex+2}
 50630 | Vaults:5 | Identified the ring of Namod {rElec Int+6}
 51845 | Vaults:5 | Identified the ring of Daheowamym {+Blink rF+ rCorr}
 52118 | Vaults:5 | Received a gift from Trog
 52127 | Vaults:5 | Noticed a golden dragon
 52155 | Vaults:5 | Killed a golden dragon
 52316 | Vaults:5 | Identified the +4 spear of Puqav {freeze, rCorr Str+2 Int+4
                  | Dex-4}
 52448 | Vaults:5 | Identified the ring "Tiurghox" {Fly Will+ Str+4}
 52668 | Vaults:5 | Noticed an ancient lich
 52683 | Vaults:5 | Killed an ancient lich
 52718 | Vaults:4 | Reached skill level 26 in Fighting
 53022 | Vaults:5 | Identified the staff "Zeazuo" {rPois rC++ rCorr Int+3
                  | Stlth- Alchemy}
 53081 | Vaults:5 | Got a silver rune of Zot
 53440 | Vaults:5 | Received a gift from Trog
 53534 | Vaults:5 | Found Tuneoveo's Magic Scroll Shop.
 53539 | Vaults:5 | Bought a scroll of fear for 48 gold pieces
 53539 | Vaults:5 | Bought a scroll of enchant armour for 90 gold pieces
 53539 | Vaults:5 | Bought a scroll of fear for 48 gold pieces
 53539 | Vaults:5 | Bought a scroll of enchant weapon for 90 gold pieces
 53539 | Vaults:5 | Bought a scroll of teleportation for 36 gold pieces
 53539 | Vaults:5 | Bought a scroll of fear for 48 gold pieces
 53539 | Vaults:5 | Bought a scroll of enchant armour for 90 gold pieces
 53561 | Vaults:5 | Found Yliaph's Distillery.
 53566 | Vaults:5 | Bought a potion of lignification for 63 gold pieces
 53566 | Vaults:5 | Bought a potion of haste for 210 gold pieces
 53566 | Vaults:5 | Bought a potion of haste for 210 gold pieces
 53566 | Vaults:5 | Bought a potion of ambrosia for 168 gold pieces
 53566 | Vaults:5 | Bought a potion of curing for 63 gold pieces
 53566 | Vaults:5 | Bought a potion of enlightenment for 105 gold pieces
 53566 | Vaults:5 | Bought a potion of mutation for 168 gold pieces
 53603 | Vaults:5 | Found Imiuh's Distillery.
 53607 | Vaults:5 | Bought a potion of curing for 36 gold pieces
 53607 | Vaults:5 | Bought a potion of cancellation for 96 gold pieces
 53607 | Vaults:5 | Bought a potion of curing for 36 gold pieces
 53607 | Vaults:5 | Bought a potion of enlightenment for 60 gold pieces
 53607 | Vaults:5 | Bought 2 potions of enlightenment for 120 gold pieces
 53771 | Vaults:5 | Reached skill level 15 in Evocations
 53929 | Vaults:5 | Identified the staff "Filat" {+Blink rC+ MP+9 Dex+2 Ice}
 54369 | Depths:1 | Entered Level 1 of the Depths
 54369 | Depths:1 | Found a gateway to Hell.
 54378 | Depths:1 | Found a one-way gate to the infinite horrors of the Abyss.
 54447 | Depths:1 | Noticed Saint Roka
 54564 | D:15     | Killed Saint Roka
 54683 | Depths:1 | Reached XP level 23. HP: 237/237 MP: 3/23
 54814 | Depths:1 | Noticed an ancient lich
 54841 | D:15     | Killed an ancient lich
 55255 | Depths:1 | Received a gift from Trog
 55597 | Depths:1 | Found a one-way gate leading to the halls of Pandemonium.
 56455 | Depths:1 | Found Beif's Magic Scroll Shoppe.
 56469 | Depths:1 | Bought a scroll of vulnerability for 48 gold pieces
 56469 | Depths:1 | Bought a scroll of immolation for 48 gold pieces
 56469 | Depths:1 | Bought a scroll of teleportation for 36 gold pieces
 56469 | Depths:1 | Bought a scroll of enchant weapon for 90 gold pieces
 56500 | Depths:1 | Found a portal to a secret trove of treasure.
 57373 | Hell     | Entered the Vestibule of Hell
 57373 | Hell     | Noticed Geryon
 57680 | Depths:2 | Noticed Margery
 57692 | Depths:2 | Killed Margery
 57705 | Depths:2 | Received a gift from Trog
 57963 | Depths:2 | Reached skill level 27 in Fighting
 58335 | Depths:2 | Found a runed translucent door.
 58337 | Depths:2 | Found a runed translucent door.
 59810 | Depths:2 | Identified the +1 long sword of Xom, Hurtling {holy,
                  | ^Fragile rC+ Will+ Int+2}
 59813 | Depths:2 | Identified the ring "Xoigon" {rC+ EV+5 Str+6 Int-5 Dex-5}
 60413 | Depths:3 | Identified the orb of Uceocouz {*channel, rPois Str+3}
 60413 | Depths:3 | Noticed Frederick
 60425 | Depths:3 | Killed Frederick
 60742 | Depths:3 | Received a gift from Trog
 60883 | Depths:3 | Reached XP level 24. HP: 240/249 MP: 5/23
 61048 | Depths:3 | Found Tompal's Book Shoppe.
 61048 | Depths:3 | Found Uggutu's Jewellery Shop.
 61049 | Depths:3 | Found Vexiug's Book Shoppe.
 61315 | Depths:3 | Found a one-way gateway to a ziggurat.
 61562 | Depths:3 | Noticed a juggernaut
 61570 | Depths:3 | Noticed an ancient lich
 61581 | Depths:3 | Killed a juggernaut
 61594 | Depths:3 | Killed an ancient lich
 62076 | Depths:3 | Received a gift from Trog
 62941 | Depths:4 | Entered Level 4 of the Depths
 63471 | Depths:4 | Found a gate to the Realm of Zot.
 64090 | Depths:4 | Found Kael's General Store.
 64092 | Depths:4 | Found Hueciome's Antique Weapon Boutique.
 64094 | Depths:4 | Bought a scroll of teleportation for 57 gold pieces
 64094 | Depths:4 | Bought a potion of mutation for 152 gold pieces
 64094 | Depths:4 | Bought a potion of enlightenment for 95 gold pieces
 64142 | Depths:4 | Found Teth's Book Emporium.
 64797 | Zot:1    | Entered Level 1 of the Realm of Zot
 64834 | Zot:1    | Found a transporter.
 65670 | Zot:1    | Found a runed translucent gate.
 65671 | Zot:1    | Found a runed translucent gate.
 65673 | Zot:1    | Found a runed translucent gate.
 65678 | Zot:1    | Noticed Bealaq's ghost (legendary GnFE)
 65678 | Zot:1    | Noticed a dread lich
 68146 | Zot:2    | Received a gift from Trog
 68276 | Zot:2    | Noticed Parghit
 68291 | Zot:2    | Killed Parghit
 68445 | Zot:2    | Found a transporter.
 68460 | Zot:2    | Found a transporter.
 68885 | Zot:2    | Identified the +0 pair of boots "Omoirutyp" {rN+ Slay+3
                  | Stlth+}
 69106 | Zot:3    | Reached XP level 25. HP: 131/257 MP: 1/23
 70734 | Zot:3    | Found a transporter.
 70736 | Zot:3    | Found a transporter.
 71217 | Zot:3    | Found a stormy altar of Qazlal.
 71359 | Zot:3    | Found a transporter.
 71360 | Zot:3    | Found a transporter.
 71365 | Zot:3    | Found a transporter.
 71370 | Zot:3    | Found a transporter.
 71833 | Zot:4    | Received a gift from Trog
 73209 | Zot:4    | Identified the +9 hand axe of Doom {antimagic, Int+3}
 73971 | Zot:5    | Entered Level 5 of the Realm of Zot
 75615 | Temple   | Entered the Ecumenical Temple
 75637 | Temple   | Fell from the grace of Trog
 75637 | Temple   | Became a worshipper of the Shining One
 75953 | Crypt:1  | Entered Level 1 of the Crypt
 76135 | Crypt:1  | Reached * piety under the Shining One
 76169 | Crypt:1  | Reached ** piety under the Shining One
 76171 | Crypt:1  | Reached skill level 1 in Invocations
 76790 | Crypt:1  | Reached *** piety under the Shining One
 76996 | Crypt:1  | Noticed Khufu
 76999 | Crypt:1  | Noticed a royal mummy
 77011 | Crypt:1  | Killed Khufu
 77012 | Crypt:1  | HP: 8/257 [death scarab[Khufu] (16)]
 77015 | Crypt:1  | HP: 1/257 [death scarab[Khufu] (11)]
 77277 | Crypt:1  | Reached skill level 5 in Invocations
 77513 | Crypt:1  | Killed a royal mummy
 77518 | Crypt:1  | Reached **** piety under the Shining One
 78264 | Crypt:1  | Reached ***** piety under the Shining One
 78796 | Crypt:2  | Reached XP level 26. HP: 266/266 MP: 6/29
 78833 | Crypt:2  | Reached skill level 10 in Invocations
 79133 | Crypt:2  | Reached ****** piety under the Shining One
 79145 | Crypt:2  | Identified a +8 executioner's axe of holy wrath (a +6
                  | executioner's axe of freezing blessed by the Shining One)
 79145 | Crypt:2  | Received a gift from the Shining One
 80125 | Crypt:3  | Entered Level 3 of the Crypt
 80896 | Crypt:3  | Identified the ring "Qilaovyo" {rN++ Will+ Str+2 Int+6}
 80904 | Crypt:3  | Identified the ring "Hozijus" {rF+ rC++ rN+ Str-4 Dex-5}
 81431 | Crypt:3  | Noticed a dread lich
 81436 | Crypt:3  | Killed a dread lich
 81438 | Crypt:3  | Found an ancient bone altar of Kikubaaqudgha.
 81727 | Crypt:3  | Identified the +0 trident of Joliud {freeze, rC+}
 81786 | Crypt:3  | Reached skill level 15 in Invocations
 82363 | Crypt:3  | Found a staircase to the Tomb.
 82677 | Hell     | Killed Geryon
 83143 | Hell     | Paralysed by Trog for 2 turns
 83225 | Hell     | Found a gateway to the decaying netherworld of Tartarus.
 83678 | Hell     | Found a gateway to the ashen valley of Gehenna.
 84317 | Hell     | Found a gateway to the Iron City of Dis.
 84355 | Hell     | Found a gateway to the freezing wastes of Cocytus.
 84765 | Depths:4 | Voluntarily entered the Abyss.
 84805 | Abyss:3  | Got Vehumet's Grimoire of Outbursts
 84807 | Abyss:3  | Got the Compilation of Angles
 84815 | Abyss:3  | Got the Enchiridion on Locality
 84824 | Abyss:3  | Got the Directory of the Zephyr
 84847 | Abyss:3  | Got the Incunable of the Tesseract
 84849 | Abyss:3  | Got the Secrets of Congelation
 84911 | Abyss:3  | Found a corrupted altar of Lugonu.
 85326 | Abyss:3  | Found a corrupted altar of Lugonu.
 85401 | Abyss:3  | Found a corrupted altar of Lugonu.
 85499 | Abyss:3  | Noticed a dread lich
 85502 | Abyss:3  | Killed a dread lich
 85537 | Abyss:3  | HP: 3/266 [stone giant[the rage of Trog] (13)]
 85538 | Abyss:3  | Slain by a deep troll

Illustrated notes

Levels and vault maps discovered:
D:1:      shiori_arrival_maze, layout_loops_corners
D:2:      layout_basic, basic_ecumenical_altar, grunt_ministairs_7,
          nrook_campfire
D:3:      layout_loops_cross, nicolae_qazlal_eye_of_the_storm
D:4:      layout_basic, mainiacjoe_overflow_small_starburst,
          minmay_temple_entry_statues_pillars, uniq_crazy_yiuf_cottage,
          uniq_robin, uniq_sigmund
D:5:      layout_gridville
D:6:      layout_basic, nicolae_yredelemnul_corpse_copse,
          fedhas_bush_and_centaur_altar
D:7:      layout_basic, vehumet_statue, serial_shops,
          nicolae_shop_tiny_real_fake_doors, lightli_minifort
D:8:      layout_basic, nicolae_gozag_zags_fifth_avenue, lair_entry_dummy,
          serial_shops, nicolae_square_shop, shop, uniq_grum, uniq_maurice
D:9:      layout_loops_ring, xom_shifter_show, gammafunk_ghost_smash,
          serial_shops, nicolae_shop_tiny_real_fake_doors, enter_bailey_5,
          uniq_joseph
D:10:     layout_gridville, nrook_mini_vaults, uniq_josephine
D:11:     layout_roguey [special_room_orc], orc_0_dummy, gammafunk_ghost_icy,
          hangedman_incinerator
D:12:     layout_layer_cave, serial_demonic, serial_demonic_f, serial_demonic_b,
          serial_demonic_a, serial_demonic_b
D:13:     layout_roguey
D:14:     kennysheep_bubbly, layout_small_grid, erik_vaults_2,
          nicolae_wu_jian_immortal_techniques
D:15:     gammafunk_depths_entry_grave, layout_gridville,
          nicolae_ashenzari_panopticon, uniq_agnes
Temple:   nicolae_temple_bog_church
Lair:1:   layout_regular_city, nzn_random_ring, serial_bayou_shore_b
Lair:2:   layout_gridlike, palyth_hydra_swamp_entry, uniq_amaemon
Lair:3:   layout_long_grid, spider_nest_entry_webs
Lair:4:   layout_concentric_octagons, grunt_forest_stairs_clearing, uniq_snorg
Lair:5:   gammafunk_lair_ancient_temple, layout_misc_corridors,
          minmay_slime_entry_oklob_enclosed, hellmonk_ghost_happy_afterlife,
          serial_bayou_pond_a
Swamp:1:  layout_basic_swamp, infiniplex_staircase_pool, swamp_pool_1_2,
          nicolae_swamp_thats_no_hydra
Swamp:2:  layout_basic_swamp, nicolae_swamp_some_circles
Swamp:3:  layout_basic_swamp, portal_ice_cave_entry_pillars_three,
          evilmike_swamp_ruin_rubble_1, uniq_roxanne
Swamp:4:  swamp_old_school, layout_basic_swamp, water_boxes_lemuel, uniq_louise,
          uniq_mlioglotl, uniq_nikola
Spider:1: layout_chambers, hangedman_spider_tarantella_strand, uniq_donald
Spider:2: layout_spider_delve
Spider:3: layout_cave_pods, nicolae_spider_world_wide_web
Spider:4: grunt_spider_rune_circles, gammafunk_ghost_grave,
          spiders_nest_the_unseen
Orc:1:    layout_caves, lightli_church_of_beogh, uniq_nergalle, uniq_erica
Orc:2:    grunt_orc_cross, layout_caves
Elf:1:    minmay_elf_arrival_summoners, layout_rooms, nicolae_elf_altarnating,
          serial_sigils_hangedman_stare
Elf:2:    elven_hall_of_blades_hangedman_alternative
          [nicolae_blade_entry_hurt_lockers], layout_rooms, serial_shops,
          nicolae_shop_bloodbath_and_beyond, shop, nicolae_square_shop, shop,
          nicolae_shop_stone, minivault_26, uniq_aizul
Elf:3:    minmay_elf_hall_hex, layout_geoelf_diagonals, nicolae_zig_zag_zippers
Vaults:1: vaults_mumra_chevron, hangedman_vaults_nails, hangedman_vaults_slice,
          nicolae_vaults_diagonal_hallway_8, nicolae_vaults_ring_of_whatevers,
          layout_vaults_omnigrid, serial_shops, shop
Vaults:2: v_pattern_3, nicolae_vaults_arrows, blue_anna_dwarven_crypt,
          serial_library_hellmonk_open_square, nicolae_vaults_storage_closets_3,
          nicolae_vaults_know_your_exits, vaults_room_corners,
          nicolae_vaults_more_shelving_1, nicolae_vaults_trapezoid_lopsided_4,
          nicolae_vaults_ellipses_ellipsis, nicolae_vaults_tetromino_L_1,
          vaults_dpeg_diagonal, nicolae_vaults_trapezoid_lopsided_3,
          layout_vaults_maze_bifur
Vaults:3: nicolae_vaults_network_quinsquares
          [nicolae_vaults_network_quincunx_subvault,
          nicolae_vaults_network_quincunx_subvault,
          nicolae_vaults_network_quincunx_subvault,
          nicolae_vaults_network_quincunx_subvault],
          nicolae_vaults_circle_grid_b, v_alt_pattern_2, v_pattern_5,
          vaults_standard_mumra_lines, nicolae_vaults_diamond_1,
          nicolae_vaults_network_barrier, vaults_room_stairs_pillars,
          layout_vaults_omnicross, serial_shops, shop, uniq_xtahua
Vaults:4: vaults_dpeg_spiral, hangedman_vaults_slice, vaults_room_hallway,
          nicolae_vaults_storage_closets_2, hangedman_vaults_stream,
          v_alt_pattern_2, nicolae_vaults_trapezoid_lopsided_1,
          nicolae_vaults_trapezoid_4, vaults_room_grid,
          nicolae_vaults_apartment_2, ontoclasm_vaults_chip, v_misc_28,
          nicolae_vaults_diamond_2, v_misc_15, ontoclasm_vaults_shuriken,
          layout_vaults_ring, serial_shops, shop, uniq_norris
Vaults:5
Crypt:1:  layout_regular_city, eino_tiny_chamber, uniq_khufu
Crypt:2:  layout_rooms, ebering_dispersal_statue_hall, hex_large
Crypt:3:  cryptofortress_bobbens
Depths:1: layout_roguey [special_room_magic_class], nicolae_wwwww, serial_shops,
          shop, hell_entry, rand_demon_pan_entry_3, enter_trove_2, abyss_entry,
          kennysheep_four_rooms, uniq_saint_roka
Depths:2: minmay_the_grid_triangle_9x9_recursive_3
          [minmay_the_grid_triangle_9x9_zippers_vertical,
          minmay_the_grid_triangle_9x9_corrupted_corridor,
          minmay_the_grid_triangle_9x9_tough_junction,
          minmay_the_grid_triangle_9x9_prize_schism,
          minmay_the_grid_triangle_9x9_impossible_snake,
          minmay_the_grid_triangle_9x9_pentomino_pain,
          minmay_the_grid_triangle_9x9_minimal,
          minmay_the_grid_triangle_9x9_descending_squares,
          minmay_the_grid_triangle_9x9_stretched_checkered], layout_basic,
          grunt_metal_band, rand_demon_pan_entry_8, infiniplex_staircase_pool_2
Depths:3: hangedman_cross_veins, layout_gridville, enter_ziggurat_c,
          pf_hell_entry_great_geh, nicolae_abyss_entry_one_way_or_another,
          chequers_serial_rivers_micro_e, rand_demon_pan_entry_7,
          serial_sigils_hangedman_gnaw, minmay_shop_grove, uniq_margery,
          uniq_frederick
Depths:4: evilmike_zot_entry_argh, layout_gridlike, abyss_entry, pan_entry,
          serial_shops, nicolae_shop_getting_attention, hell_entry,
          minmay_shoptagon
Hell
Zot:1:    layout_concentric_octagons, gammafunk_ghost_necromancy,
          regret_index_zotdec_serpentine_scales, nicolae_diode_basic
Zot:2:    gammafunk_sealed_arena, layout_basic, uniq_parghit
Zot:3:    cheibrodos_frozen_isle, layout_onion, regret_index_zotdec_storm_pass,
          serial_nicolae_subway, nicolae_sub_station_metal,
          nicolae_sub_station_stone, nicolae_sub_station_crystal
Zot:4:    minmay_elemental_castle, layout_onion_interference,
          hangedman_zot_decor_scrapings, grunt_megastairs_3
Zot:5:    layout_onion, grunt_megastairs_2
Abyss:3:  base: Lair:3, evilmike_abyss_exit_15, hangedman_shadowy_showcase,
          base: Orc:2, evilmike_abyss_exit_glass, hangedman_abyss_lost_library,
          gammafunk_abyss_rune_reverse_zot, hangedman_abyss_lost_library,
          gammafunk_corrupted_shrine, hangedman_decor_lopped,
          hangedman_decor_lopped, hangedman_abyss_overflow_altar,
          hangedman_eye_storm, evilmike_abyss_exit_kraken

Skill      XL: |  1  2  3  4  5  6  7  8  9 10 11 12 13 14 15 16 17 18 19 20 21 22 23 24 25 26 |
---------------+-------------------------------------------------------------------------------+-----
Axes           | 4 5 6 7 9 11 13 15 16 18 20 21 24 | 24.0
Dodging        | 2 3 4 5 6 7 8 9 10 11 12 13 14 15 16 17 18 19 | 19.1
Armour         | 3 4 6 7 8 10 11 12 13 14 15 16 17 18 19 20 21 23 25 | 25.2
Fighting       | 4 5 6 7 9 11 13 15 16 17 19 20 22 23 25 26 27 | 27.0
Evocations     | 5 8 10 12 13 15 16 18 20 | 20.0
Invocations    | 8 20 | 20.9

Action                     |  1- 3 |  4- 6 |  7- 9 | 10-12 | 13-15 | 16-18 | 19-21 | 22-24 | 25-27 || total
---------------------------+-------+-------+-------+-------+-------+-------+-------+-------+-------++-------
  Melee: Hand axe          |   140 |   138 |    82 |       |       |       |       |       |       ||   360
         War axe           |       |       |   285 |       |       |       |       |       |       ||   285
         Broad axe         |       |       |    34 |   452 |    13 |    58 |       |       |       ||   557
         Executioner's axe |       |       |       |    69 |   747 |  1022 |  1101 |  1215 |   932 ||  5086
  Throw: Stone             |       |     4 |     1 |       |     7 |     1 |     1 |     3 |     8 ||    25
 Invoke: Berserk           |       |     2 |     6 |     8 |     5 |     3 |       |     1 |       ||    25
         Trog's Hand       |       |       |     5 |     9 |     8 |    10 |    18 |    15 |     2 ||    67
         Brothers in Arms  |       |       |       |     1 |     2 |       |       |       |       ||     3
         Brand Weapon With |       |       |       |       |       |       |       |       |     1 ||     1
  Evoke: Wand              |       |       |     3 |       |       |     5 |     2 |       |     1 ||    11
         Phial of floods   |       |       |       |       |       |     1 |     1 |       |       ||     2
         Lightning rod     |       |       |       |       |       |    11 |     6 |     5 |     4 ||    26
         Phantom mirror    |       |       |       |       |       |       |     1 |       |       ||     1
         Condenser vane    |       |       |       |       |       |       |       |     3 |     2 ||     5
         Box of beasts     |       |       |       |       |       |       |       |       |     1 ||     1
    Use: Scroll            |       |       |    19 |     9 |     9 |     3 |    16 |    10 |    13 ||    79
         Potion            |       |       |     3 |     2 |     3 |     1 |     6 |     1 |     6 ||    22
   Stab: Sleeping          |     1 |       |       |       |       |       |       |       |       ||     1
         Distracted        |       |       |       |       |     1 |     1 |       |     3 |     1 ||     6
 Armour: Animal skin       |    15 |       |       |       |       |       |       |       |       ||    15
         Scale mail        |    90 |    83 |   292 |       |       |       |       |       |       ||   465
         Plate armour      |       |       |    91 |   652 |   341 |  1320 |    66 |       |       ||  2470
         Chain mail        |       |       |    36 |       |   559 |       |  1027 |   746 |       ||  2368
         Gold dragon scale |       |       |       |       |       |       |       |   483 |  1113 ||  1596
  Dodge: Dodged            |   106 |    61 |   237 |   265 |   747 |  1203 |   948 |   675 |   497 ||  4739
  Block: Buckler           |     8 |    23 |     6 |       |       |       |       |       |       ||    37

Table legend: (Time is in decaauts)
 A = Elapsed time spent in this place.
 B = Non-inter-level travel time spent in this place.
 C = Inter-level travel time spent in this place.
 D = Time resting spent in this place.
 E = Time spent auto-exploring this place.
 F = Levels seen in this place.
 G = Mean time per level.
                   A        B        C        D        E       F      G
               +--------+--------+--------+--------+--------+-----+--------+
         Total |  84861 |  79893 |   4968 |  14472 |  51071 |  56 | 1515.4 |
       Dungeon |  16976 |  15303 |   1673 |   1688 |  10589 |  15 | 1131.7 |
        Temple |     44 |      1 |     43 |      0 |      0 |   1 |   44.0 |
          Lair |   6781 |   6298 |    483 |    554 |   4853 |   5 | 1356.2 |
         Swamp |   3726 |   3549 |    177 |    684 |   2088 |   4 |  931.5 |
   Spider Nest |   4757 |   4548 |    209 |    412 |   2942 |   4 | 1189.2 |
  Orcish Mines |   2563 |   2454 |    109 |    387 |   1616 |   2 | 1281.5 |
   Elven Halls |   5158 |   4932 |    226 |    653 |   3341 |   3 | 1719.3 |
        Vaults |  14339 |  13503 |    836 |   2251 |   9449 |   5 | 2867.8 |
         Crypt |   6032 |   5949 |     83 |   1327 |   3768 |   3 | 2010.7 |
        Depths |   9353 |   8736 |    617 |   1350 |   6064 |   4 | 2338.2 |
          Hell |   2015 |   1998 |     17 |    278 |   1389 |   1 | 2015.0 |
           Zot |  10355 |   9867 |    488 |   4364 |   3878 |   5 | 2071.0 |
         Abyss |   1226 |   1226 |      0 |    430 |    121 |   2 |  613.0 |
        Bailey |    537 |    537 |      0 |     21 |    331 |   1 |  537.0 |
      Ice Cave |    992 |    992 |      0 |     68 |    639 |   1 |  992.0 |
               +--------+--------+--------+--------+--------+-----+--------+

Top non-repeatable levels by time:
Vaults:5: 3769 daAuts
Vaults:2: 3516 daAuts
Depths:2: 2986 daAuts
   Elf:3: 2810 daAuts
   Zot:4: 2757 daAuts
Vaults:4: 2591 daAuts
Vaults:3: 2535 daAuts
   Zot:2: 2495 daAuts
 Crypt:3: 2369 daAuts
 Crypt:1: 2332 daAuts
   Zot:1: 2299 daAuts
Depths:1: 2281 daAuts
Depths:3: 2209 daAuts
   Zot:3: 2052 daAuts
    Hell: 2015 daAuts
